 Dungeon Crawl Stone Soup version 0.23.2-1-ga50397a (webtiles) character file.

Game seed: 14306672733578854304

519293 arctice the Bludgeoner (level 25, 0/125 HPs)
             Began as a Vine Stalker Fighter on Apr 13, 2019.
             Was the Champion of Ru.
             Killed from afar by a purple draconian monk (14 damage)
             ... with a bolt of dispelling energy
             ... on level 5 of the Depths on Apr 14, 2019.
             The game lasted 04:36:25 (54592 turns).

arctice the Bludgeoner (Vine Stalker Fighter)      Turns: 54592, Time: 04:36:26

Health: 0/125      AC: 35    Str: 43    XL:     25   Next: 82%
Magic:  0/38       EV: 19    Int:  6    God:    Ru [******]
Gold:   3514       SH: 19    Dex: 19    Spells: 42/45 levels left

rFire    + . .     SeeInvis .   a - +2 eveningstar (freeze)
rCold    + + +     Gourm    .   Q - +0 shield {AC+3}
rNeg     + + .     Faith    .   t - +7 chain mail of Duty {rN++ Stlth+}
rPois    .         Spirit   +   s - +0 helmet "Cohoqiog" {Int+3 Dex+3}
rElec    +         Reflect  +   c - +2 cloak {MR+}
rCorr    .         Harm     .   N - +2 pair of gloves {Dex+3}
MR       ++++.                  J - +2 pair of boots
Stlth    ++........             I - amulet "Inetzu Wogou" {Reflect rElec Str+8 Dex-3 SH+2}
HPRegen  1.10/turn              M - +6 ring of strength
MPRegen  0.26/turn              B - ring of Dissent {rElec rF+ rC+++ Int-5}

@: lethally poisoned (0 -> -1), no potions
A: fangs 3, frail 1, regeneration 2, magic shield, antimagic bite, no potion
heal 3, rot immunity, inability to drink while threatened, inability to use
devices, hated by all, no ice magic, no translocations magic, no transmutations
magic, unskilled 1
}: 2/15 runes: decaying, serpentine
a: Draw Out Power, Power Leap, Apocalypse, Renounce Religion


You were on level 5 of the Depths.
You worshipped Ru.
Ru was exalted by your worship.
You were not hungry.

You visited 9 branches of the dungeon, and saw 44 of its levels.
You also visited: Ossuary, Bailey and Ice Cave.

You collected 6449 gold pieces.
You spent 2935 gold pieces at shops.

Inventory:

Hand Weapons
 a - a +2 eveningstar of freezing (weapon)
 b - the +10 hand crossbow "Ekuly" {penet, rPois MR+ Str+3 Int-2}
   (You bought it in a shop on level 2 of the Orcish Mines)

   Ammo fired by it will pass through the targets it hits, potentially hitting
   all targets in its path until it reaches maximum range.
   It affects your strength (+3).
   It affects your intelligence (-2).
   It protects you from poison.
   It affects your resistance to hostile enchantments.
Missiles
 r - 1126 bolts
Armour
 c - a +2 cloak of magic resistance (worn)
 s - the +0 helmet "Cohoqiog" (worn) {Int+3 Dex+3}
   (You found it on level 4 of the Lair of Beasts)

   It affects your intelligence (+3).
   It affects your dexterity (+3).
 t - the +7 chain mail of Duty (worn) {rN++ Stlth+}
   (You took it off a deep elf high priest on level 3 of the Elven Halls)

   It greatly protects you from negative energy.
   It makes you more stealthy.
 J - a +2 pair of boots (worn)
 N - a +2 pair of gloves of dexterity (worn)
 P - a +3 plate armour of fire resistance
 Q - a +0 shield of protection (worn)
 U - a +0 shield of reflection
Jewellery
 x - an uncursed ring of poison resistance
 B - the ring of Dissent (right hand) {rElec rF+ rC+++ Int-5}
   (You bought it in a shop on level 6 of the Dungeon)

   [ring of protection from fire]

   It affects your intelligence (-5).
   It protects you from fire.
   It renders you almost immune to cold.
   It insulates you from electricity.
 E - the ring "Sapaor" {rC+ MR+}
   (You found it on level 1 of the Snake Pit)

   [ring of protection from cold]

   It protects you from cold.
   It affects your resistance to hostile enchantments.
 I - the amulet "Inetzu Wogou" (around neck) {Reflect rElec Str+8 Dex-3 SH+2}
   (You bought it in a shop on level 6 of the Dungeon)

   [amulet of reflection]

   It shields you and reflects attacks.
   It affects your strength (+8).
   It affects your dexterity (-3).
   It insulates you from electricity.
   It affects your SH (+2).
 K - an uncursed ring of resist corrosion
 M - a +6 ring of strength (left hand)
 O - the ring "Pehan" {-Tele rC++ MR+ Int+3}
   (You took it off a deep elf mage on level 3 of the Elven Halls)

   [ring of protection from magic]

   It affects your intelligence (+3).
   It greatly protects you from cold.
   It affects your resistance to hostile enchantments.
   It prevents most forms of teleportation.
 R - an uncursed ring of fire
Scrolls
 h - 11 scrolls of teleportation
 i - 15 scrolls of identify
 j - 3 scrolls of torment
 k - 6 scrolls of enchant weapon
 l - 16 scrolls of remove curse
 p - 7 scrolls of magic mapping
 u - 9 scrolls of immolation
 v - 5 scrolls of fear
 y - a scroll of fog
 z - 7 scrolls of blinking
 G - a scroll of holy word
 L - 3 scrolls of vulnerability
 T - 7 scrolls of enchant armour
 V - a scroll of brand weapon
 Z - a scroll of silence
Potions
 d - 6 potions of might
 e - 27 potions of curing
 g - 8 potions of flight
 m - 4 potions of agility
 n - 4 potions of mutation
 o - a potion of berserk rage {!q}
 q - 10 potions of lignification
 w - 2 potions of invisibility
 A - 7 potions of haste
 D - 4 potions of resistance
 F - 4 potions of brilliance
 H - 3 potions of cancellation
 S - 7 potions of magic
Comestibles
 f - 80 rations
 C - 13 chunks of flesh


   Skills:
 * Level 16.4 Fighting
 - Level 17.0 Maces & Flails
 + Level 6.7 Crossbows
 + Level 13.6 Armour
 + Level 12.2 Dodging
 + Level 8.3 Stealth
 - Level 15.0 Shields
 + Level 10.5 Spellcasting
 + Level 3.1 Charms
 + Level 3.2 Necromancy


You had 42 spell levels left.
You knew the following spells:

 Your Spells              Type           Power        Failure   Level  Hunger
a - Regeneration          Chrm/Necr      #.........   32%         3    ###....

Your spell library contained the following spells:

 Spells                   Type           Power        Failure   Level  Hunger
 Swiftness                Chrm/Air       #.......     32%         2    ##.....
 Confusing Touch          Hex            #.....       38%         1    None
 Corona                   Hex            #......      38%         1    None
 Flame Tongue             Conj/Fire      #....        38%         1    None
 Magic Dart               Conj           #...         38%         1    None
 Sting                    Conj/Pois      #...         38%         1    None
 Poisonous Vapours        Pois/Air       #.....       52%         2    ##.....
 Slow                     Hex            #.......     52%         2    ##.....
 Throw Flame              Conj/Fire      #.....       52%         2    ##.....
 Spectral Weapon          Hex/Chrm       #.......     54%         3    ###....
 Confuse                  Hex            #.......     77%         3    ###....
 Conjure Flame            Conj/Fire      #.......     77%         3    ###....
 Inner Flame              Hex/Fire       #.......     77%         3    ###....
 Mephitic Cloud           Conj/Pois/Air  #.......     77%         3    ###....
 Cause Fear               Hex            #.........   99%         4    ####...
 Leda's Liquefaction      Hex/Erth       #.........   99%         4    ####...
 Olgreb's Toxic Radiance  Pois           #.......     99%         4    ####...
 Sticky Flame             Conj/Fire      #.......     99%         4    ####...
 Iskenderun's Battlesphe  Conj/Chrm      #.......     99%         5    ######.
 Bolt of Magma            Conj/Fire/Erth #.........   100%        5    ######.
 Fireball                 Conj/Fire      #.........   100%        5    ######.
 Lee's Rapid Deconstruct  Erth           #.........   100%        5    ######.
 Venom Bolt               Conj/Pois      #.........   100%        5    ######.
 Bolt of Fire             Conj/Fire      #.........   100%        6    #######
 Iron Shot                Conj/Erth      #.........   100%        6    #######
 Poison Arrow             Conj/Pois      #.........   100%        6    #######
 Orb of Destruction       Conj           #.........   100%        7    #######
 Ring of Flames           Chrm/Fire      #.........   100%        7    #######
 Chain Lightning          Conj/Air       #.........   100%        8    #######
 Lehudib's Crystal Spear  Conj/Erth      #.........   100%        8    #######
 Fire Storm               Conj/Fire      #.........   100%        9    #######
 Animate Skeleton         Necr           Unusable     N/A         1    N/A
 Apportation              Tloc           Unusable     N/A         1    N/A
 Freeze                   Ice            Unusable     N/A         1    N/A
 Summon Small Mammal      Summ           Unusable     N/A         1    N/A
 Blink                    Tloc           Unusable     N/A         2    N/A
 Call Imp                 Summ           Unusable     N/A         2    N/A
 Passwall                 Tmut/Erth      Unusable     N/A         2    N/A
 Throw Frost              Conj/Ice       Unusable     N/A         2    N/A
 Ozocubu's Armour         Chrm/Ice       Unusable     N/A         3    N/A
 Call Canine Familiar     Summ           Unusable     N/A         3    N/A
 Gell's Gravitas          Tloc           Unusable     N/A         3    N/A
 Lesser Beckoning         Tloc           Unusable     N/A         3    N/A
 Portal Projectile        Hex/Tloc       Unusable     N/A         3    N/A
 Summon Guardian Golem    Hex/Summ       Unusable     N/A         3    N/A
 Force Lance              Conj/Tloc      Unusable     N/A         4    N/A
 Ice Form                 Ice/Tmut       Unusable     N/A         4    N/A
 Petrify                  Tmut/Erth      Unusable     N/A         4    N/A
 Summon Ice Beast         Ice/Summ       Unusable     N/A         4    N/A
 Summon Lightning Spire   Summ/Air       Unusable     N/A         4    N/A
 Throw Icicle             Conj/Ice       Unusable     N/A         4    N/A
 Metabolic Englaciation   Hex/Ice        Unusable     N/A         5    N/A
 Yara's Violent Unravell  Hex/Tmut       Unusable     N/A         5    N/A
 Bolt of Cold             Conj/Ice       Unusable     N/A         6    N/A
 Dispersal                Tloc           Unusable     N/A         6    N/A
 Freezing Cloud           Conj/Ice/Air   Unusable     N/A         6    N/A
 Ozocubu's Refrigeration  Ice            Unusable     N/A         6    N/A
 Simulacrum               Ice/Necr       Unusable     N/A         6    N/A
 Dragon Form              Tmut           Unusable     N/A         7    N/A
 Spellforged Servitor     Conj/Summ      Unusable     N/A         7    N/A
 Controlled Blink         Tloc           Unusable     N/A         8    N/A
 Disjunction              Tloc           Unusable     N/A         8    N/A
 Dragon's Call            Summ           Unusable     N/A         9    N/A
 Glaciate                 Conj/Ice       Unusable     N/A         9    N/A

Dungeon Overview and Level Annotations

Branches:
Dungeon (15/15)            Temple (1/1) D:7            Lair (6/6) D:9
  Swamp (4/4) Lair:3        Snake (4/4) Lair:3        Slime (0/5) Lair:5
    Orc (2/2) D:12            Elf (3/3) Orc:2        Vaults (4/5) D:13
  Crypt (0/3) Vaults:2     Depths (5/5) D:15
    Zot: Depths:5

Altars:
Ashenzari
Cheibriados
Dithmenos
Elyvilon
Fedhas
Gozag
Hepliaklqana
Kikubaaqudgha
Nemelex Xobeh
Okawaru
Ru
Sif Muna
Trog
Uskayaw
Vehumet
Wu Jian
Zin
The Shining One
Beogh

Shops:
D:2 *   D:6 =   D:8 !   D:11 [   Orc:2 *:([(*:   Snake:3 [%:*   Snake:4 :
Vaults:3 }   Vaults:4 *   Depths:1 }}=   Depths:4 *

Portals:
Hell: Depths:1 Depths:2 Depths:3 Depths:4 Depths:5
Abyss: Depths:4
Pandemonium: Depths:3
Ziggurat: Depths:4

Annotations:
Depths:3 1 transporter, 3 runed translucent doors
Depths:4 exclusions: floating eye, great orb of eyes, 2 shining eyes and 1 more exclusion


Innate Abilities, Weirdness & Mutations

You have razor-sharp teeth.
You heal very quickly.
When hurt, damage is shared between your health and your magic reserves.
Your bite disrupts and absorbs the magic of your enemies.
Potions cannot restore your health.
You are immune to rotting.
You cannot drink potions while threatened.
You cannot study or use magical devices.
You are hated by all.
You cannot study or cast Ice magic.
You cannot study or cast Translocations magic.
You cannot study or cast Transmutations magic.
You are somewhat unskilled. (-1 Apt)
You are frail. (-10% HP)


Message History

The green draconian begins to attack, but is stunned by your will!
The purple draconian monk breathes dispelling energy at you.
The bolt of dispelling energy hits you!!
* * * LOW HITPOINT WARNING * * *
You feel sick.
You feel sick.
You feel sick.
You feel sick.
You feel sick.
You feel sick.
Found a scroll of remove curse.
You feel sick.
You redirect the green draconian's attack!
You feel sick.
The purple draconian monk begins to attack, but is stunned by your will!
You feel sick.
You feel sick.
The purple draconian monk breathes dispelling energy at you.
The bolt of dispelling energy hits you!!
You die...

#§.§$.§§≈≈D≈(q....≈..
#...≈..§≈≈≈..........
#?...................
#...####..##......... #....#
#######....... #...##
#.####.......
#..###..q.§§.§.... .. ##
##.......D§§≈.§≈... ... #.
#.@......§§§§§§§... ....##.
###.###....§§≈≈§≈≈≈.. .^..#..
###.<.###...)...≈..≈.§.
.......##.....##..........§.§§≈
.......†......#..........##.≈§.
#.............##..........#.§§.
##.....÷......##.#.......#..≈..
..................#..........§
...........8....†.#........≈§


You could see a shadow dragon and a purple draconian monk.

Vanquished Creatures
  Mara (twice) (Depths:1)
  A juggernaut (Depths:2)
  Saint Roka (Orc:2)
  Vashnia (Snake:1)
  2 golden dragons
  Nikola (Snake:2)
  A tentacled monstrosity (Depths:3)
  Jorgrun (Orc:2)
  2 liches
  A titan (Depths:3)
  A deep elf blademaster (Elf:2)
  Roxanne (Snake:4)
  A storm dragon (Depths:3)
  2 sphinxes
  4 tengu reavers
  2 shadow dragons
  5 thorn hunters
  Agnes (Snake:4)
  Donald (Swamp:3)
  11 nagarajas
  The ghost of Borgoz the Slicer, an adept GrGl of Ashenzari (Elf:2)
  2 iron dragons
  11 fire giants
  3 frost giants
  Aizul (Snake:1)
  6 deep elf sorcerers (Elf:3)
  5 vault wardens
  7 deep elf elementalists (Elf:3)
  An orc warlord (D:12)
  A ghoul (Vaults:1)
  5 ironheart preservers
  14 very ugly things
  12 stone giants
  2 vampire knights (Depths:3)
  3 entropy weavers
  9 deep elf annihilators
  2 spark wasps (Depths:5)
  8 deep elf demonologists
  Azrael (D:13)
  5 dire elephants (Depths:4)
  9 ettins
  5 deep elf death magi
  5 yaktaur captains
  6 fire dragons
  6 rakshasas
  28 hydras
  Fannar (Orc:1)
  7 great orbs of eyes
  3 vault guards
  11 naga warriors
  Harold (D:8)
  Erolcha (Orc:1)
  7 deep elf high priests
  9 ogre magi
  7 ice dragons
  A small abomination (Depths:3)
  3 ghost crabs (Swamp:4)
  A spriggan air mage (Depths:3)
  A catoblepas (D:13)
  8 centaur warriors
  6 shambling mangroves
  22 anacondas
  6 death knights
  28 two-headed ogres
  22 dancing weapons
  19 alligators
  12 tengu warriors
  12 deep troll earth magi
  2 orc high priests (Orc:2)
  6 spriggan berserkers
  9 deep troll shamans
  15 naga sharpshooters
  Urug (Orc:2)
  8 shock serpents
  11 deep elf knights
  Nergalle (Lair:2)
  2 salamander mystics
  3 iron trolls
  2 glowing orange brains
  7 skeletal warriors (Vaults:2)
  4 unseen horrors
  4 flayed ghosts
  A golden dragon zombie (Depths:2)
  2 spriggan druids
  An obsidian statue (Elf:2)
  12 deep elf archers
  An orange crystal statue (Depths:1)
  3 wizards
  9 naga ritualists
  7 deep trolls
  A harpy (shapeshifter) (Vaults:4)
  7 ironbrand convokers
  13 swamp dragons
  46 deep elf magi
  A mana viper (shapeshifter) (Depths:2)
  5 necromancers
  7 phantasmal warriors
  7 orc knights
  5 harpies (Vaults:2)
  4 cyclopes
  36 ugly things
  4 wolf spiders
  An orb spider (shapeshifter) (Vaults:4)
  9 mana vipers
  4 orc sorcerers
  2 salamanders (shapeshifter)
  2 manticores
  A frost giant zombie (Depths:2)
  A moth of wrath (shapeshifter) (Depths:3)
  12 salamanders
  A guardian serpent (shapeshifter) (D:15)
  4 elephants (Lair:5)
  2 centaur zombies
  A fire giant skeleton (Depths:2)
  Joseph (D:7)
  20 naga magi
  An ice statue (IceCv)
  20 spiny frogs
  38 black mambas
  12 vault sentinels
  3 gargoyles
  11 guardian serpents
  A torpor snail (Lair:2)
  18 freezing wraiths
  34 yaktaurs
  6 komodo dragons
  A yaktaur (shapeshifter) (Vaults:4)
  2 rime drakes (Lair:4)
  10 polar bears (Lair:6)
  2 ice devils (Lair:5)
  A troll (shapeshifter) (Vaults:4)
  A meliai (shapeshifter) (Depths:4)
  3 tengu conjurers
  6 trolls
  9 bog bodies
  A merfolk (shapeshifter) (Vaults:4)
  A jumping spider (Vaults:4)
  28 hornets
  26 blink frogs
  A slime creature (shapeshifter) (D:15)
  16 tyrant leeches
  A dream sheep (shapeshifter) (Depths:4)
  7 hippogriffs
  37 slime creatures
  5 dream sheep (Lair:5)
  A raiju (Lair:6)
  7 redbacks
  A hippogriff (shapeshifter) (Depths:2)
  A shadow (D:11)
  5 water elementals
  2 air elementals (Elf:2)
  12 wyverns
  13 spriggans
  A tarantella (shapeshifter) (D:15)
  An ettin skeleton (Vaults:2)
  40 yaks
  4 wraiths
  A fire bat (shapeshifter) (Depths:5)
  2 basilisks (Lair:3)
  20 humans (D:13)
  2 fire bats (Depths:1)
  A fire elemental (D:13)
  A ynoxinul (Depths:3)
  Eustachio (D:4)
  2 chaos spawn (Depths:3)
  A steam dragon (shapeshifter) (Depths:2)
  A swamp worm (shapeshifter) (Depths:1)
  13 vampire mosquitoes
  A neqoxec (Depths:3)
  19 swamp worms
  55 nagas
  Menkaure (D:7)
  Edmund (D:3)
  9 wargs
  A soldier ant (D:13)
  14 insubstantial wisps
  An acid dragon (Vaults:1)
  18 water moccasins
  Duvessa (D:7)
  17 hell hounds
  A soldier ant (shapeshifter) (D:15)
  A floating eye (shapeshifter) (Depths:4)
  10 porcupines
  15 swamp drakes
  3 black bears (shapeshifter)
  36 orc warriors
  3 sky beasts
  An eye of draining (shapeshifter) (Vaults:3)
  10 ice beasts
  11 black bears (Lair:6)
  4 eyes of draining
  3 phantoms
  An ice beast (shapeshifter) (D:15)
  26 ogres
  19 wolves
  10 boggarts
  11 centaurs
  6 crocodiles
  An elf simulacrum (Depths:2)
  5 big kobolds
  2 elf zombies (D:6)
  4 gnoll sergeants
  A wyvern zombie (D:12)
  14 bullfrogs
  3 elf skeletons (D:6)
  2 earth elementals
  Dowan (D:7)
  A wyvern skeleton (D:3)
  6 scorpions
  30 killer bees
  An elephant simulacrum (IceCv)
  2 swamp dragon simulacra (IceCv)
  18 wights
  A howler monkey (D:4)
  A bullfrog zombie (D:11)
  10 crimson imps
  2 human simulacra (Vaults:2)
  2 draconian simulacra (IceCv)
  10 hounds
  7 jellies
  3 quasits
  16 orc priests
  27 orc wizards
  3 bullfrog skeletons
  A gnoll shaman (D:8)
  4 centaur skeletons
  A human zombie (D:6)
  An iron imp (Depths:2)
  Ijyb (D:3)
  6 iguanas
  2 human skeletons
  A troll simulacrum (IceCv)
  A polar bear simulacrum (IceCv)
  11 worker ants
  6 spriggan simulacra (IceCv)
  8 big kobold zombies (Ossuary)
  3 centaur simulacra (IceCv)
  2 hound zombies
  A mummy (Ossuary)
  A worker ant zombie (D:6)
  34 gnolls
  3 naga simulacra (IceCv)
  10 adders
  5 ogre simulacra (IceCv)
  3 shadow imps
  13 white imps
  4 oozes
  An adder skeleton (D:7)
  A worm (D:2)
  A dart slug (D:3)
  5 leopard geckos
  87 orcs
  4 spectral bats (Ossuary)
  3 giant cockroaches
  4 gnoll zombies (Ossuary)
  17 hobgoblins
  9 jackals
  9 quokkas
  2 ball pythons
  7 bats
  6 bat simulacra (Ossuary)
  7 frilled lizards
  9 goblins
  4 goblin simulacra (Ossuary)
  4 goblin zombies (Ossuary)
  5 hobgoblin zombies (Ossuary)
  2 jackal skeletons (D:4)
  18 kobolds
  2 kobold simulacra (Ossuary)
  4 kobold zombies (Ossuary)
  2 leopard gecko skeletons
  A leopard gecko zombie (D:7)
  3 orc skeletons (D:6)
  6 orc zombies
  3 quokka skeletons
  6 rats
  4 rat simulacra (Ossuary)
  3 spectral kobolds (Ossuary)
  2 spectral rats (Ossuary)
  6 briar patches
  2 fungi
  A plant (Depths:1)
1985 creatures vanquished.

Vanquished Creatures (collateral kills)
  2 nagarajas (Snake:4)
  3 anacondas (Snake:4)
  A naga sharpshooter (Snake:3)
  A black mamba (Snake:4)
7 creatures vanquished.

Vanquished Creatures (others)
  Asterion (Snake:3)
  A deep elf blademaster (Elf:3)
  A titan (Depths:3)
  3 deep elf master archers (Elf:3)
  A thorn hunter (Swamp:3)
  An iron dragon (Depths:3)
  A frost giant (Depths:2)
  An ironheart preserver (Vaults:3)
  A vampire knight (Depths:1)
  2 ettins
  A yaktaur captain (Depths:5)
  A fire dragon (Depths:3)
  A hydra (Swamp:4)
  A hell beast (Depths:3)
  2 anacondas (Snake:4)
  2 two-headed ogres
  An alligator (Swamp:1)
  A deep troll shaman (Depths:3)
  3 naga sharpshooters
  A deep elf knight (Elf:2)
  A salamander mystic (Snake:4)
  A deep elf archer (Elf:1)
  An orc knight (Vaults:4)
  2 cyclopes
  An elephant (Lair:5)
  A gargoyle (D:10)
  A freezing wraith (IceCv)
  A spiny frog (Lair:5)
  10 yaktaurs
  An ice devil (Depths:3)
  2 slime creatures (Swamp:4)
  A hippogriff (Lair:6)
  A bog body (Swamp:4)
  3 yaks (Lair:5)
  2 nagas
  A swamp worm (Swamp:4)
  2 orc warriors
  2 ogres
  2 boggarts (D:15)
  2 killer bees
  An orc wizard (Orc:2)
  A white imp (IceCv)
  An orc (D:12)
  7 briar patches
  23 fungi
  36 plants
134 creatures vanquished.

Grand Total: 2126 creatures vanquished

Notes
Turn   | Place    | Note
-------+----------+-------------------------------------------
     0 | D:1      | arctice the Vine Stalker Fighter began the quest for the
                  | Orb.
     0 | D:1      | Reached XP level 1. HP: 11/11 MP: 2/2
   519 | D:1      | Reached skill level 2 in Maces & Flails
   834 | D:2      | Reached XP level 2. HP: 16/16 MP: 3/3
   918 | D:2      | Found Zin's Purification Station.
   920 | D:2      | Found a glowing silver altar of Zin.
   947 | D:2      | Found an opulent altar of Gozag.
  1048 | D:1      | Reached XP level 3. HP: 11/19 MP: 2/4
  1798 | D:2      | Gained mutation: Your natural rate of healing is unusually
                  | fast. [Vine Stalker growth]
  1798 | D:2      | Reached XP level 4. HP: 14/24 MP: 2/5
  2039 | D:2      | Found a glowing golden altar of the Shining One.
  2251 | D:3      | Found a shattered altar of Ashenzari.
  2255 | D:3      | Reached skill level 3 in Maces & Flails
  2255 | D:3      | Reached XP level 5. HP: 10/28 MP: 2/6
  2395 | D:3      | Noticed Ijyb
  2421 | D:3      | Killed Ijyb
  2690 | D:3      | Reached XP level 6. HP: 26/32 MP: 7/7
  3227 | D:4      | Noticed Edmund
  3316 | D:3      | Killed Edmund
  3316 | D:3      | Reached skill level 4 in Maces & Flails
  3397 | D:4      | Noticed Eustachio
  3405 | D:4      | Killed Eustachio
  3405 | D:4      | Reached XP level 7. HP: 31/37 MP: 6/8
  3724 | D:4      | Reached skill level 5 in Maces & Flails
  3731 | D:4      | Reached skill level 1 in Stealth
  3961 | D:5      | Entered Level 5 of the Dungeon
  3967 | D:5      | Found a deep blue altar of Sif Muna.
  4039 | D:5      | Gained mutation: You have razor-sharp teeth. [Vine Stalker
                  | growth]
  4039 | D:5      | Reached XP level 8. HP: 42/42 MP: 9/9
  4613 | D:5      | Found a hazy altar of Hepliaklqana.
  4890 | D:6      | Reached skill level 6 in Maces & Flails
  4911 | D:6      | Reached skill level 5 in Shields
  4917 | D:6      | Found a sand-covered staircase.
  4930 | D:6      | Reached skill level 5 in Fighting
  4934 | Ossuary  | Entered an ossuary
  5179 | Ossuary  | Reached XP level 9. HP: 47/47 MP: 10/10
  5599 | D:6      | Found Katumagu's Jewellery Emporium.
  5668 | D:6      | Reached skill level 7 in Maces & Flails
  5677 | D:6      | Reached skill level 5 in Armour
  5920 | D:7      | Found a deep blue altar of Sif Muna.
  6046 | D:7      | Noticed Menkaure
  6072 | D:7      | Killed Menkaure
  6161 | D:7      | Noticed Duvessa
  6161 | D:7      | Noticed Dowan
  6192 | D:7      | Killed Duvessa
  6195 | D:7      | Killed Dowan
  6201 | D:7      | Found a staircase to the Ecumenical Temple.
  6247 | Temple   | Entered the Ecumenical Temple
  6286 | Temple   | Became a worshipper of Ru the Awakened
  6614 | D:7      | Noticed Joseph
  6626 | D:7      | Killed Joseph
  6626 | D:7      | Reached skill level 1 in Evocations
  6737 | D:8      | Reached XP level 10. HP: 51/53 MP: 12/12
  6837 | D:8      | Reached skill level 5 in Stealth
  6926 | D:7      | Reached skill level 8 in Maces & Flails
  6965 | D:8      | Killed an unseen horror
  7028 | D:8      | Noticed Harold
  7045 | D:8      | Noticed a two-headed ogre
  7050 | D:8      | Killed Harold
  7054 | D:8      | Killed a two-headed ogre
  7468 | D:8      | Found Juteack's Distillery.
  7661 | D:8      | Reached skill level 9 in Maces & Flails
  8007 | D:9      | Reached XP level 11. HP: 37/58 MP: 12/14
  8111 | D:9      | Noticed a white ugly thing
  8212 | D:8      | Killed a white ugly thing
  8280 | D:9      | Gained mutation: You cannot drink potions while threatened.
                  | [Ru sacrifice]
  8280 | D:9      | Reached * piety under Ru
  8913 | D:9      | Found a staircase to the Lair.
  9075 | D:9      | Found a white marble altar of Elyvilon.
  9507 | D:10     | Entered Level 10 of the Dungeon
  9776 | D:10     | Reached skill level 10 in Maces & Flails
 10394 | D:11     | Noticed a green ugly thing
 10396 | D:11     | Noticed a cyclops
 10411 | D:10     | Killed a green ugly thing
 10455 | D:11     | Noticed a manticore
 10487 | D:11     | Killed a manticore
 10692 | D:11     | Killed an unseen horror
 10692 | D:11     | Gained mutation: You heal very quickly. [Vine Stalker
                  | growth]
 10692 | D:11     | Reached XP level 12. HP: 36/64 MP: 11/15
 11038 | D:11     | Found Tyijusaj's Antique Armour Emporium.
 11770 | D:12     | Reached skill level 11 in Maces & Flails
 11776 | D:12     | Found a staircase to the Orcish Mines.
 11913 | D:11     | Reached skill level 1 in Dodging
 12553 | D:11     | Bought a pair of runed gloves for 217 gold pieces
 12635 | D:6      | Bought a cursed amulet of regeneration for 297 gold pieces
 12759 | D:13     | Noticed a catoblepas
 12985 | D:13     | Found a flagged portal.
 13008 | Bailey   | Entered a bailey
 13571 | Lair:1   | Entered Level 1 of the Lair of Beasts
 14321 | Lair:2   | Gained mutation: You are somewhat unskilled. (-1 Apt) [Ru
                  | sacrifice]
 14321 | Lair:2   | Reduced skill Maces & Flails to level 10
 14321 | Lair:2   | Reduced skill Stealth to level 5
 14321 | Lair:2   | Reached ** piety under Ru
 14321 | Lair:2   | Reached *** piety under Ru
 14973 | Lair:3   | Noticed an eight-headed hydra
 15003 | Lair:3   | Killed an eight-headed hydra
 15032 | Lair:3   | Reached XP level 13. HP: 68/68 MP: 16/16
 15157 | Lair:2   | Noticed Nergalle
 15232 | Lair:3   | Reached skill level 11 in Maces & Flails
 15241 | Lair:3   | Found a staircase to the Snake Pit.
 15366 | Lair:3   | Found a staircase to the Swamp.
 15926 | Lair:2   | Killed Nergalle
 16152 | Lair:2   | Gained mutation: You cannot study or use magical devices.
                  | [Ru sacrifice]
 16152 | Lair:2   | Reached **** piety under Ru
 16152 | Lair:2   | Reached ***** piety under Ru
 17095 | Lair:4   | Got a translucent helmet
 17101 | Lair:4   | Identified the +0 helmet "Cohoqiog" {Int+3 Dex+3} (You
                  | found it on level 4 of the Lair of Beasts)
 17390 | Lair:5   | Found a frozen archway.
 17419 | IceCv    | Entered an ice cave
 17676 | IceCv    | Found an ancient bone altar of Kikubaaqudgha.
 18079 | IceCv    | Reached XP level 14. HP: 74/74 MP: 15/15
 18444 | Lair:5   | Reached skill level 12 in Maces & Flails
 18482 | Lair:5   | Found a staircase to the Slime Pits.
 19134 | Lair:6   | Entered Level 6 of the Lair of Beasts
 20521 | Lair:6   | Reached skill level 5 in Dodging
 20960 | Lair:6   | HP: 1/75 [poisoned by a wolf spider]
 21440 | Orc:1    | Entered Level 1 of the Orcish Mines
 21440 | Orc:1    | Noticed an orc warlord
 21504 | D:12     | Reached XP level 15. HP: 79/79 MP: 16/16
 21628 | D:12     | Killed an orc warlord
 21818 | D:6      | Bought the ring of Dissent {rElec rF+ rC+++ Int-5} for 698
                  | gold pieces
 22108 | Orc:1    | Reached skill level 13 in Maces & Flails
 22237 | Orc:2    | Entered Level 2 of the Orcish Mines
 22275 | Orc:2    | Found Vuemedeh's Weapon Boutique.
 22296 | Orc:2    | Found a staircase to the Elven Halls.
 22331 | Orc:2    | Found Ikupp's Assorted Antiques.
 22564 | Orc:2    | Noticed Jorgrun
 22606 | Orc:2    | Killed Jorgrun
 22725 | Orc:2    | Noticed Saint Roka
 22806 | Orc:2    | Killed Saint Roka
 22921 | Orc:2    | Reached skill level 10 in Shields
 22948 | Orc:2    | Found a roughly hewn altar of Beogh.
 22949 | Orc:2    | Noticed Urug
 22995 | Orc:2    | Reached skill level 10 in Fighting
 23087 | Orc:2    | Killed Urug
 23197 | Orc:2    | Found Feuhun's Antique Armour Boutique.
 23222 | Orc:2    | Found Etoefig's Book Boutique.
 23241 | Orc:2    | Found Deudduurr's Antique Weapon Boutique.
 23317 | Orc:2    | Found a radiant altar of Vehumet.
 23576 | Orc:2    | Found Wowuysh's General Store.
 23738 | Orc:2    | Found Eczaoho Sida's Book Shop.
 23796 | Orc:1    | Noticed Fannar
 23817 | Orc:1    | Killed Fannar
 23967 | Orc:1    | Noticed Erolcha
 23974 | Orc:1    | Killed Erolcha
 23974 | Orc:1    | Reached skill level 1 in Spellcasting
 24241 | D:11     | Bought a pair of boots for 130 gold pieces
 24326 | Swamp:1  | Entered Level 1 of the Swamp
 24882 | Swamp:1  | Got a scorched ring mail
 24905 | Swamp:1  | Identified the cursed +1 ring mail of Protective Custody
                  | {*Drain Str+5} (You found it on level 1 of the Swamp)
 25572 | D:13     | Noticed Azrael
 25593 | D:13     | Killed Azrael
 25593 | D:13     | Reached XP level 16. HP: 81/85 MP: 20/20
 25597 | D:13     | Found a bloodstained altar of Trog.
 26050 | D:13     | Found a gate to the Vaults.
 26683 | Swamp:2  | Noticed a thorn hunter
 26740 | Swamp:2  | Killed a thorn hunter
 26955 | Swamp:2  | Reached skill level 14 in Maces & Flails
 27026 | Swamp:2  | Noticed a thorn hunter
 27040 | Swamp:2  | Killed a thorn hunter
 28153 | Swamp:3  | Paralysed by a hornet for 2 turns
 28260 | Swamp:3  | Noticed Donald
 28297 | Swamp:3  | Killed Donald
 28587 | Swamp:3  | Reached XP level 17. HP: 90/91 MP: 18/24
 28603 | Swamp:3  | Reached skill level 10 in Armour
 28821 | Swamp:4  | Entered Level 4 of the Swamp
 29468 | Snake:1  | Entered Level 1 of the Snake Pit
 29556 | Snake:1  | Reached skill level 5 in Spellcasting
 29746 | Snake:1  | Got a heavily runed turquoise ring
 29748 | Snake:1  | Identified the ring "Sapaor" {rC+ MR+} (You found it on
                  | level 1 of the Snake Pit)
 29844 | Snake:1  | Noticed Aizul
 29874 | Snake:1  | Killed Aizul
 30253 | Snake:2  | Noticed Nikola
 30370 | Snake:2  | Killed Nikola
 30833 | Snake:2  | Noticed Vashnia
 30886 | Snake:1  | Killed Vashnia
 31517 | Snake:3  | Found Wosmafal's Food Boutique.
 31518 | Snake:3  | Found Foint's General Store.
 31518 | Snake:3  | Found Mainer's Armour Boutique.
 31523 | Snake:3  | Found Damoi's Book Shop.
 31745 | Snake:3  | Reached XP level 18. HP: 62/98 MP: 14/28
 32068 | Snake:3  | Noticed Asterion
 32088 | Snake:3  | Killed Asterion
 32428 | Snake:4  | Entered Level 4 of the Snake Pit
 32453 | Snake:3  | HP: 2/98 [naga warrior/+0 halberd (5)]
 32458 | Snake:3  | HP: 4/98 [poisoned by a naga warrior (splash of poison)]
 32463 | Snake:3  | HP: 4/98 [poisoned by a naga warrior (splash of poison)]
 32468 | Snake:3  | HP: 2/98 [black mamba (4)]
 33513 | D:15     | Entered Level 15 of the Dungeon
 34944 | Swamp:4  | Got a decaying rune of Zot
 35201 | Snake:4  | Found Jogu's Book Shoppe.
 35612 | Snake:4  | Reached XP level 19. HP: 104/104 MP: 31/31
 35821 | Snake:4  | Noticed Roxanne
 36523 | Snake:4  | Killed Roxanne
 36591 | Snake:4  | Noticed Agnes
 36612 | Snake:4  | Killed Agnes
 36943 | Snake:4  | Identified a scroll of acquirement
 37589 | Snake:4  | Got a serpentine rune of Zot
 38318 | D:15     | Found a staircase to the Depths.
 38455 | D:15     | Found a deep blue altar of Sif Muna.
 38712 | D:15     | Reached XP level 20. HP: 111/111 MP: 33/33
 38713 | D:15     | Reached XP level 21. HP: 115/115 MP: 33/35
 38901 | Elf:1    | Entered Level 1 of the Elven Halls
 39165 | Elf:1    | Reached XP level 22. HP: 121/121 MP: 36/36
 39726 | Elf:2    | Reached skill level 10 in Dodging
 39794 | Elf:2    | Found a runed translucent gate.
 39794 | Elf:2    | Found a runed translucent gate.
 39794 | Elf:2    | Found a runed translucent gate.
 39796 | Elf:2    | Found an opulent altar of Gozag.
 39798 | Elf:2    | Noticed Borgoz's ghost (adept GrGl)
 39840 | Elf:2    | Found a huge runed translucent gate.
 39840 | Elf:2    | Found a huge runed translucent gate.
 39840 | Elf:2    | Found a huge runed translucent gate.
 39844 | Elf:2    | Found a huge runed translucent gate.
 39845 | Elf:2    | Found a huge runed translucent gate.
 40375 | Elf:2    | Got a sapphire trident
 40376 | Elf:2    | Identified the cursed +1 trident "Orefidur" {pain, +Inv
                  | SInv} (You found it on level 2 of the Elven Halls)
 41211 | Elf:3    | Entered Level 3 of the Elven Halls
 41911 | Elf:3    | Identified the ring "Lubrup" {*Tele rElec rPois Str-4 SInv}
 41914 | Elf:3    | Reached skill level 15 in Maces & Flails
 41923 | Elf:3    | Identified the ring "Pehan" {-Tele rC++ MR+ Int+3}
 42047 | Elf:3    | Identified Avisur's Guide on Bewitching Intoxication
 42071 | Elf:3    | Reached skill level 15 in Fighting
 42080 | Elf:3    | Identified the +7 chain mail of Duty {rN++ Stlth+}
 42116 | Elf:3    | Identified the +5 halberd of Defence by Offence {protect,
                  | rElec Str+2 Dex-3}
 42263 | Elf:3    | Identified the +4 storm dragon scales "Qubivah" {rElec
                  | rPois Int+3}
 42407 | Elf:3    | Identified the +3 hand axe of Regicide {chop, rF+ Int+4}
                  | (You found it on level 3 of the Elven Halls)
 42445 | Elf:3    | Identified the Incunabulum of Dislocation
 42940 | Elf:2    | Killed Borgoz's ghost
 42940 | Elf:2    | Reached XP level 23. HP: 118/126 MP: 33/37
 43077 | Orc:2    | Upgraded the game from 0.23.2 to 0.23.2-1-ga50397a
 43242 | Vaults:1 | Entered Level 1 of the Vaults
 45058 | Vaults:2 | Found a staircase to the Crypt.
 45400 | Orc:2    | Bought the +10 hand crossbow "Ekuly" {penet, rPois MR+
                  | Str+3 Int-2} for 1241 gold pieces
 46876 | Vaults:3 | Found Maibalat's Gadget Boutique.
 47092 | Vaults:3 | Reached skill level 1 in Crossbows
 47306 | Vaults:3 | Reached skill level 16 in Maces & Flails
 48273 | Vaults:4 | Found Buext's General Store.
 48468 | Vaults:4 | Found a radiant altar of Vehumet.
 48469 | Vaults:4 | Found the +3 hat of Pondering {ponderous, MR+ MP+10 Int+5}
 48542 | Vaults:4 | Gained mutation: You are hated by all. [Ru sacrifice]
 48547 | Vaults:4 | Reached XP level 24. HP: 113/132 MP: 37/37
 48654 | Vaults:4 | Got a twisted hat
 48656 | Vaults:4 | Got a translucent hat
 48658 | Vaults:4 | Identified the +0 hat "Hehylawuj" {rC+ SInv} (You found it
                  | on level 4 of the Vaults)
 48659 | Vaults:4 | Identified the cursed -5 hat of Demons {Dex+3} (You found
                  | it on level 4 of the Vaults)
 48689 | Vaults:4 | Identified the +1 robe of Too Many Cooks {Str+3} (You found
                  | it on level 4 of the Vaults)
 49502 | Depths:1 | Entered Level 1 of the Depths
 49515 | Depths:1 | Found Enkihyum's Gadget Boutique.
 49516 | Depths:1 | Found Xiraeb's Jewellery Shoppe.
 49517 | Depths:1 | Found Donuh's Gadget Boutique.
 49554 | Depths:1 | Found a gateway to Hell.
 49620 | Depths:1 | You fall through a shaft!
 49688 | Depths:1 | Noticed Mara
 49699 | Depths:1 | Reached skill level 10 in Spellcasting
 49752 | Depths:1 | Noticed arctice's illusion
 49806 | Depths:1 | Killed Mara
 49819 | Depths:1 | Killed Mara
 50243 | Depths:1 | Identified the Compendium of Helpful Flight
 50887 | Depths:2 | Gained mutation: You cannot study or cast Ice magic. [Ru
                  | sacrifice]
 50887 | Depths:2 | Gained mutation: You cannot study or cast Transmutations
                  | magic. [Ru sacrifice]
 50887 | Depths:2 | Gained mutation: You cannot study or cast Translocations
                  | magic. [Ru sacrifice]
 50887 | Depths:2 | Reached ****** piety under Ru
 50890 | Depths:2 | Reached skill level 5 in Crossbows
 51511 | Depths:2 | Noticed a juggernaut
 51530 | Depths:2 | Killed a juggernaut
 51979 | D:6      | Bought the amulet "Inetzu Wogou" {Reflect rElec Str+8 Dex-3
                  | SH+2} for 352 gold pieces
 52314 | Depths:3 | Reached XP level 25. HP: 137/137 MP: 38/38
 52323 | Depths:3 | Reached skill level 17 in Maces & Flails
 52546 | Depths:3 | Gained mutation: You are frail. (-10% HP) [a neqoxec]
 52556 | Depths:3 | Found a one-way gate leading to the halls of Pandemonium.
 52696 | Depths:3 | Learned a level 3 spell: Regeneration
 52718 | Depths:3 | Reached skill level 15 in Shields
 52829 | Depths:3 | Reached skill level 1 in Necromancy
 52910 | Depths:3 | Reached skill level 1 in Charms
 52972 | Depths:3 | Found a transporter.
 53006 | Depths:3 | Found a runed translucent gate.
 53006 | Depths:3 | Found a runed translucent gate.
 53006 | Depths:3 | Found a runed translucent gate.
 53231 | Depths:3 | Found a transporter.
 53670 | Depths:4 | Found Biaqiphe's Assorted Antiques.
 54076 | Depths:4 | Identified Sif Muna's Guide on Enhancements and the Rocks
 54189 | Depths:4 | Found a gateway to a ziggurat.
 54246 | Depths:4 | Found a one-way gate to the infinite horrors of the Abyss.
 54381 | Depths:5 | Entered Level 5 of the Depths
 54592 | Depths:5 | Killed from afar by a purple draconian monk

Skill      XL: |  1  2  3  4  5  6  7  8  9 10 11 12 13 14 15 16 17 18 19 20 21 22 23 24 25 |
---------------+----------------------------------------------------------------------------+-----
Maces & Flails | 2 3 4 5 6 7 9 10 10 11 12 13 14 15 16 17 | 17.0
Shields        | 3 4 5 6 8 8 9 10 11 12 13 14 15 | 15.0
Fighting       | 3 4 5 6 8 8 9 10 12 13 14 15 16 | 16.4
Armour         | 3 4 5 6 7 8 9 10 11 12 13 | 13.6
Stealth        | 1 3 4 5 5 6 7 8 |  8.3
Evocations     | 1 3 0 |  0.0
Dodging        | 2 4 5 6 7 8 9 10 11 12 | 12.2
Spellcasting   | 2 4 6 7 8 9 10 | 10.5
Crossbows      | 2 5 6 |  6.7
Necromancy     | 3 |  3.2
Charms         | 3 |  3.1

Action                   |  1- 3 |  4- 6 |  7- 9 | 10-12 | 13-15 | 16-18 | 19-21 | 22-24 | 25-27 || total
-------------------------+-------+-------+-------+-------+-------+-------+-------+-------+-------++-------
Melee: Flail             |    85 |   176 |   504 |  1052 |  1712 |  1828 |   753 |   247 |       ||  6357
       Bite              |    24 |    55 |   172 |   380 |   836 |  1001 |   422 |   851 |   200 ||  3941
       Unarmed           |       |    14 |       |       |       |       |       |       |       ||    14
       Mace              |       |       |       |    45 |       |       |       |       |       ||    45
       Eveningstar       |       |       |       |       |       |       |       |  1374 |   344 ||  1718
 Fire: Hand crossbow     |       |       |       |       |       |       |       |    71 |     4 ||    75
Throw: Tomahawk          |       |    16 |    17 |     9 |    17 |    21 |     5 |       |       ||    85
       Throwing net      |       |       |       |     5 |       |       |       |       |       ||     5
       Javelin           |       |       |       |       |       |       |       |    14 |       ||    14
Invok: Reject Sacrifices |       |       |       |     1 |     2 |     1 |     1 |       |       ||     5
       Sacrifice Drink   |       |       |       |     1 |       |       |       |       |       ||     1
       Draw Out Power    |       |       |       |     1 |       |     3 |       |       |       ||     4
       Sacrifice Skill   |       |       |       |     1 |       |       |       |       |       ||     1
       Apocalypse        |       |       |       |       |     4 |     2 |       |     4 |     1 ||    11
       Sacrifice Artific |       |       |       |       |     1 |       |       |       |       ||     1
       Power Leap        |       |       |       |       |    17 |    14 |     4 |     5 |       ||    40
       Sacrifice Love    |       |       |       |       |       |       |       |     1 |       ||     1
       Sacrifice Arcana  |       |       |       |       |       |       |       |     1 |       ||     1
Evoke: Wand              |       |       |     2 |     6 |       |       |       |       |       ||     8
  Use: Scroll            |       |       |     3 |    18 |     8 |     8 |     8 |    13 |     2 ||    60
       Potion            |       |       |       |     1 |     1 |       |     2 |       |       ||     4
 Stab: Sleeping          |       |       |     1 |       |       |       |       |     4 |       ||     5
       Distracted        |       |       |       |     3 |    11 |    12 |    11 |    13 |     2 ||    52
       Invisible         |       |       |       |       |    19 |    28 |     8 |     8 |     1 ||    64
       Paralysed         |       |       |       |       |    17 |       |       |    20 |       ||    37
  Eat: Chunk             |     3 |     5 |    12 |    28 |    33 |    32 |    12 |    40 |     8 ||   173
       Ration            |       |       |       |       |     1 |     1 |       |     1 |       ||     3
Armor: Scale mail        |    19 |    56 |   118 |       |       |       |       |       |       ||   193
       Chain mail        |       |       |    16 |   364 |   506 |       |       |   318 |   116 ||  1320
       Plate armour      |       |       |       |    18 |   110 |   794 |   208 |   111 |       ||  1241
       Ring mail         |       |       |       |       |     1 |       |       |       |       ||     1
Dodge: Dodged            |    17 |    62 |   167 |   287 |   601 |   634 |   215 |   561 |   144 ||  2688
Block: Shield            |    36 |    84 |   256 |   612 |  1186 |  1174 |   382 |   867 |   288 ||  4885
       Reflection        |       |       |       |       |     8 |    61 |    46 |    81 |    15 ||   211
